AoeStats
← Thewanderero

Black Forest

506916402Analyzed
4v4 RM · 17d ago on Sep 15, 2026· 40m 39s· 8 players
Game mode
Random Map
Map size
Large (8 player)
Population
200
Speed
Normal
Resources
Standard
Victory
Conquest
Starting age
Dark Age
Ending age
Imperial Age
RankedLock teamsTeams togetherTeam positionsShared explorationLock speedFull tech treeHidden civsTurbo modeCheats
Victory
Defeat
🇫🇮 Aztecs · Finland
1100
+34
🇧🇾 Slavs · Belarus
1094
+14
🇫🇮 Vietnamese · Finland
1092
+14
🇳🇴 Khitans · Norway
1075
+15
1111
-17
🇪🇨 Inca · Ecuador
1048
-14
🇨🇳 Tatars · China
1027
-13
🇸🇪 Britons · Sweden
1022
-13
OnlyNomad
6:58 Loom
11:57 Feudal Age
12:19 Domestication
12:25 Double-Bit Axe
17:27 Castle Age
18:22 Pastoralism
18:34 Bow Saw
19:26 Stone Mining
22:28 Gold Mining
23:54 Wheelbarrow
23:36 Scale Barding Armor
23:41 Forging
26:08 Hand Cart
27:12 Caravan
28:23 Forging
28:33 Chain Barding Armor
29:17 Stone Shaft Mining
31:14 Imperial Age
29:47 Iron Casting
29:03 Fletching
31:09 Town Watch
31:41 Squires
32:34 Transhumance
33:07 Two-Man Saw
32:45 Plate Barding Armor
32:06 Bodkin Arrow
32:18 Husbandry
31:40 Elite Steppe Lancer
33:09 Conscription
32:56 Ordo Cavalry
34:34 Heavy Camel Rider
35:21 Light Cavalry
TomJerry
0:53 Loom
13:10 Feudal Age
14:42 Double-Bit Axe
15:01 Horse Collar
17:40 Castle Age
16:31 Wheelbarrow
16:47 Stone Mining
19:38 Hand Cart
19:34 Bow Saw
19:25 Heavy Plow
23:37 Gold Mining
32:47 Imperial Age
30:56 Chatras
31:07 Forging
30:48 Fletching
30:58 Padded Archer Armor
30:58 Scale Mail Armor
32:21 Bodkin Arrow
33:01 Iron Casting
32:32 Scale Barding Armor
31:50 Pikeman
31:51 Man-at-Arms
32:31 Squires
33:01 Onager
33:14 Halberdier
33:15 Long Swordsman
33:41 Arson
34:25 Bracer
34:41 Leather Archer Armor
35:24 Stone Shaft Mining
36:12 Ring Archer Armor
35:58 Chain Mail Armor
36:04 Chain Barding Armor
35:53 Elite Rattan Archer
36:59 Paper Money
37:25 Plate Mail Armor
36:46 Elite Skirmisher
38:03 Plate Barding Armor
37:25 Imperial Skirmisher
39:26 Chemistry
38:46 Ballistics
39:59 Elite Battle Elephant
41:26 Fortified Wall
41:11 Murder Holes
Thewanderero
10:05 Loom
11:50 Feudal Age
12:51 Man-at-Arms
13:29 Horse Collar
13:35 Double-Bit Axe
14:05 Forging
18:23 Scale Mail Armor
23:17 Castle Age
21:11 Gold Mining
22:33 Stone Mining
24:20 Bow Saw
24:11 Heavy Plow
24:10 Long Swordsman
25:12 Squires
27:43 Wheelbarrow
31:03 Hand Cart
30:35 Town Watch
32:38 Chain Mail Armor
32:58 Iron Casting
33:20 Masonry
33:22 Fortified Wall
34:22 Caravan
34:02 Pikeman
41:33 Imperial Age
39:51 Detinets
Ciril
2:04 Loom
12:15 Feudal Age
12:25 Feudal Age
13:13 Double-Bit Axe
16:15 Castle Age
13:56 Horse Collar
14:51 Gold Mining
18:27 Bow Saw
20:55 Sanctity
23:21 Wheelbarrow
23:06 Fervor
24:50 Heavy Plow
25:43 Hand Cart
26:16 Stone Mining
31:26 Imperial Age
30:28 Gold Shaft Mining
30:47 Town Watch
31:29 Onager
32:30 Conscription
32:44 Siege Onager
33:47 Siege Engineers
35:33 Chemistry
34:24 Fletching
35:43 Ballistics
35:19 Bodkin Arrow
35:59 Crop Rotation
36:26 Bracer
36:26 Scale Mail Armor
36:37 Town Patrol
37:07 Block Printing
37:02 Redemption
37:19 Illumination
37:29 Theocracy
37:59 Garland Wars
37:50 Forging
38:51 Chain Mail Armor
37:57 Elite Jaguar Warrior
38:24 Arson
38:41 Squires
40:43 Plate Mail Armor
40:49 Iron Casting
4k_hd
0:31 Loom
15:01 Feudal Age
20:29 Castle Age
ZEAL1679
1:06 Loom
13:32 Feudal Age
13:56 Horse Collar
14:03 Double-Bit Axe
16:03 Wheelbarrow
17:09 Gold Mining
17:16 Stone Mining
23:10 Castle Age
21:34 Fletching
23:42 Crossbowman
25:23 Bow Saw
25:35 Padded Archer Armor
27:01 Heavy Plow
28:12 Bodkin Arrow
28:32 Leather Archer Armor
29:52 Masonry
29:55 Fortified Wall
31:23 Pikeman
32:04 Squires
32:17 Forging
32:07 Scale Mail Armor
33:35 Iron Casting
34:41 Gold Shaft Mining
34:50 Chain Mail Armor
41:51 Imperial Age
Dani - Voy Fatal de Recursos
4:53 Loom
11:04 Feudal Age
14:21 Castle Age
21:53 Light Cavalry
23:10 Husbandry
23:51 Wheelbarrow
23:24 Stone Mining
25:19 Stone Shaft Mining
32:41 Imperial Age
32:59 Bloodlines
33:23 Hussar
34:08 Double Crossbow
35:30 Ballistics
35:48 Hand Cart
38:35 Scale Barding Armor
38:40 Forging
39:01 Fortified Wall
ZHurald ZHurdrada
12:49 Feudal Age
14:41 Double-Bit Axe
14:37 Horse Collar
17:26 Castle Age
19:33 Loom
20:45 Heavy Plow
20:57 Bow Saw
28:00 Wheelbarrow
27:40 Gold Mining
27:47 Stone Mining
28:36 Fervor
32:20 Imperial Age
30:11 Hand Cart
30:28 Treadmill Crane
30:44 Murder Holes
31:10 Ballistics
31:00 Masonry
31:01 Fortified Wall
30:40 Town Watch
31:32 Gold Shaft Mining
31:14 Forging
31:04 Padded Archer Armor
31:01 Fletching
31:29 Scale Barding Armor
32:02 Bloodlines
31:53 Husbandry
33:25 Bodkin Arrow
33:50 Chain Barding Armor
34:06 Iron Casting
33:46 Leather Archer Armor
34:34 Chemistry
34:28 Guilds
34:48 Heavy Cavalry Archer
35:35 Light Cavalry
35:40 Elite Keshik
36:41 Conscription
37:28 Plate Barding Armor
36:53 Bracer
37:24 Ring Archer Armor
37:55 Blast Furnace
36:57 Scale Mail Armor
37:24 Silk Armor
38:01 Hussar
Connection lost

Rejoining the realm…

Still unreachable

The connection could not be restored.

Session expired

The server has moved on; the page needs a fresh start.